 Dungeon Crawl Stone Soup version 0.20-a0-465-g6513c8f (webtiles) character file.

39589 Geomchi the Brawler (level 13, -21/137 HPs)
             Began as a Troll Monk on Jan 12, 2017.
             Was an Elder of Yredelemnul.
             Killed from afar by an orc sorcerer (25 damage)
             ... with a bolt of negative energy
             ... while paralysed by an orc sorcerer
             ... on level 2 of the Orcish Mines.
             The game lasted 00:24:08 (17174 turns).

Geomchi the Brawler (Troll Monk)                   Turns: 17174, Time: 00:24:08

Health: -21/137    AC: 11    Str: 26    XL:     13   Next: 70%
Magic:  17/17      EV:  1    Int:  6    God:    Yredelemnul [****..]
Gold:   1616       SH:  0    Dex: 12    Spells: 12/12 levels left

rFire  . . .     SeeInvis .       - Unarmed
rCold  . . .     Gourm    +     a - +1 robe
rNeg   . . .     Faith    .     (no shield)
rPois  .         Spirit   .     j - +2 hat
rElec  .         Reflect  .     (no cloak)
rCorr  .         Harm     .     (gloves unavailable)
MR     .....                    (boots unavailable)
Stlth  +.........               (no amulet)
                                S - +3 ring of protection
                                T - +3 ring of evasion

@: paralysed, heavily drained
A: unfitting armour, claws 3, fast metabolism 3, gourmand, regeneration 1,
shaggy fur 1, tough skin 2
a: Recall Undead Slaves, Injury Mirror, Animate Dead, Drain Life, Renounce
Religion


You were on level 2 of the Orcish Mines.
You worshipped Yredelemnul.
Yredelemnul was greatly pleased with you.
You were very full.

You visited 4 branches of the dungeon, and saw 18 of its levels.

You collected 1644 gold pieces.
You spent 28 gold pieces at shops.

Inventory:

Missiles
 d - 2 throwing nets (quivered)
Armour
 a - a +1 robe (worn)
 j - a +2 hat (worn)
Jewellery
 y - an uncursed ring of flight
 C - an uncursed ring of see invisible
 G - an uncursed ring of protection from cold
 I - an uncursed amulet of faith {unknown}
 N - an uncursed ring of protection from magic
 S - a +3 ring of protection (right claw)
 T - a +3 ring of evasion (left claw)
Wands
 s - a wand of clouds (0/9)
 B - a wand of flame (25/48)
 F - a wand of polymorph (12/24)
 O - a wand of flame (12/48)
 U - a wand of polymorph (14/24)
 X - a wand of disintegration (11/24)
Scrolls
 e - 5 scrolls of recharging {unknown}
 f - 3 scrolls of random uselessness {unknown}
 g - 8 scrolls of remove curse
 h - 3 scrolls of amnesia {unknown}
 k - 4 scrolls of teleportation {unknown}
 m - 6 scrolls of immolation {unknown}
 o - 4 scrolls of enchant armour
 p - 8 scrolls of magic mapping {unknown}
 r - 4 scrolls of blinking {unknown}
 x - a scroll of noise {unknown}
 A - 3 scrolls of fear {unknown}
 H - a scroll of vulnerability {unknown}
 K - 2 scrolls of fog {unknown}
 M - a scroll of enchant weapon {unknown}
 R - a scroll of summoning {unknown}
 V - 3 scrolls of brand weapon {unknown}
Potions
 c - 6 potions of curing
 i - a potion of cure mutation
 l - 4 potions of magic
 u - 2 potions of resistance
 v - 2 potions of heal wounds
 w - 3 potions of might
 z - a potion of invisibility
 D - 2 potions of haste {unknown}
 J - a potion of lignification {unknown}
 L - a potion of agility {unknown}
 P - 2 potions of ambrosia {unknown}
 Q - a potion of cancellation {unknown}
 W - 2 potions of flight {unknown}
 Y - a potion of brilliance {unknown}
Comestibles
 b - 3 bread rations {@e1}
 n - 3 beef jerkies
 q - 4 meat rations {@e2}
 t - 44 fruits


   Skills:
 - Level 11.0(8.6) Fighting
 + Level 3.5(1.6) Dodging
 - Level 1.0(0.0) Stealth
 + Level 17.6(14.8) Unarmed Combat
 - Level 7.2(5.0) Invocations


You had 12 spell levels left.
You didn't know any spells.

Dungeon Overview and Level Annotations

Branches:
Dungeon (9/15)             Temple (1/1) D:4            Lair (6/6) D:9
  Swamp (0/4) Lair:2       Spider (0/4) Lair:2        Slime (0/5) Lair:5
    Orc (2/2) D:9             Elf (0/3) Orc:2

Altars:
Ashenzari
Cheibriados
Dithmenos
Elyvilon
Fedhas
Gozag
Hepliaklqana
Kikubaaqudgha
Makhleb
Nemelex Xobeh
Okawaru
Qazlal
Ru
Sif Muna
Trog
Uskayaw
Vehumet
Xom
Yredelemnul
Zin
The Shining One
Jiyva

Shops:
D:7 *   D:8 *   D:9 *   Orc:2 [*[

Annotations:
Lair:3 exclusion: oklob plant
Lair:5 1 runed door


Innate Abilities, Weirdness & Mutations

You are too large for most types of armour.
You have claws for hands.
Your metabolism is lightning-fast.
You like to eat raw meat.
Your natural rate of healing is unusually fast.
You are covered in fur. (AC +1)
You have very tough skin. (AC +2)


Message History

The orc sorcerer hits you but does no damage.
Something hits the orc wizard.
The orc wizard hits your orc priest zombie but does no damage.
The orc wizard barely misses your orc priest zombie.
The sun demon hits you but does no damage.
The orc wizard hits your orc priest zombie with a dagger.
The orc wizard barely misses your orc priest zombie.
Your orc priest zombie closely misses the orc wizard.
The orc sorcerer hits you but does no damage.
Your skeletal warrior hits the sun demon with a flail!
The sun demon dies!
The orc wizard gestures wildly while chanting.
The orc wizard flickers and vanishes!
Deactivating autopickup; reactivate with Ctrl-A.
The orc wizard barely misses your orc priest zombie.
The orc sorcerer shouts, "Entram moth deg ulag!"
The orc sorcerer gestures at you while chanting.
The bolt of negative energy hits you!
You feel drained.
You die...
Your body rises from the dead as a mindless zombie.

.................#
........Z.Z.ZZZ..#
###.###Z#######..# #.#
#Z#....∩#..# #.###.###Z#.....#Z.#
.. #........Z#..4).#Z.#
#'###.###.###.#.44o.#.Z####
.....# #.# #Z###o###...#.## .8..#
#.# #ZZZ@)z......ZZ##
...###.###.Z##Z###....Z#.###
............Z#Z{o.#.....ZZ..##
#.###.#######..#)...#....##....#
#. #)# #..#...∩#....####.###
#.###.#######..######.....##.##.#
..)..........................Z...
....Z.).....................ZZZ..
.#...Z.#......#............Z.....


You could see a hellwing, 2 orc sorcerers, a red devil, an orc wizard, a
friendly skeletal warrior, 2 friendly orc zombies, a friendly orc warrior
zombie, a friendly orc priest zombie, a friendly orc wizard zombie and a
friendly orc sorcerer zombie.

Vanquished Creatures
  Nessos (Lair:6)
  2 hydras (Lair:5)
  Erica (D:9)
  A two-headed ogre (D:9)
  3 death yaks (Lair:6)
  Urug (Lair:3)
  The ghost of alp the Fighter, a novice VSBe of Trog (D:9)
  The ghost of skelma the Artisan of Death, a novice DsFi of Kikubaaqudgha (D:6)
  Pikel (D:6)
  A lindwurm (Lair:6)
  An orc sorcerer (Orc:2)
  7 elephants
  2 molten gargoyles (Lair:6)
  5 black mambas
  3 spiny frogs (Lair:6)
  Joseph (D:9)
  6 komodo dragons
  A troll (D:9)
  A polar bear (Lair:6)
  6 blink frogs (Lair:6)
  3 hippogriffs
  A vampire (D:6)
  22 yaks
  3 wyverns
  A steam dragon (Lair:6)
  2 basilisks
  The ghost of skelma the Slasher, an amateur DsGl of Hepliaklqana (D:4)
  4 wargs (Orc:2)
  7 water moccasins
  4 hell hounds (Lair:6)
  14 porcupines
  6 orc warriors
  2 slaves (D:6)
  2 ice beasts
  2 sky beasts
  2 black bears (Lair:5)
  5 wolves
  3 centaurs
  4 ogres
  5 crocodiles
  A big kobold (D:9)
  12 bullfrogs
  A wyvern skeleton (D:9)
  10 scorpions
  16 wights
  A killer bee (D:9)
  An electric eel (Lair:3)
  A howler monkey (D:9)
  4 lava snakes (Lair:6)
  6 crimson imps
  A jelly (D:6)
  12 orc priests
  A centaur skeleton (D:8)
  4 hounds
  2 bullfrog skeletons (D:6)
  2 iguanas
  20 orc wizards
  6 worker ants
  A hound zombie (D:8)
  A hound skeleton (D:4)
  A worker ant zombie (D:6)
  8 gnolls
  2 howler monkey skeletons
  12 adders
  A shadow imp (D:8)
  3 oozes
  An adder skeleton (D:9)
  3 worms
  A dart slug (D:1)
  4 leopard geckos
  36 orcs
  17 giant cockroaches
  7 goblins
  5 hobgoblins (D:2)
  14 jackals
  7 kobolds
  5 quokkas
  3 ball pythons
  12 bats
  3 frilled lizards
  A leopard gecko skeleton (D:4)
  7 rats
  A fungus (D:9)
396 creatures vanquished.

Vanquished Creatures (collateral kills)
  An ettin (Orc:2)
  A fire dragon (Lair:6)
  3 hydras
  2 death yaks (Lair:6)
  A lindwurm (Lair:6)
  An orb spider (Lair:2)
  3 orc sorcerers
  3 elephants (Lair:6)
  A molten gargoyle (Lair:6)
  2 black mambas
  4 komodo dragons
  A rime drake (Lair:3)
  A polar bear (Lair:5)
  2 blink frogs (Lair:6)
  3 hippogriffs
  2 wyverns (Lair:6)
  11 yaks
  3 basilisks (Lair:6)
  2 wargs (Orc:2)
  4 water moccasins
  2 porcupines
  2 hell hounds (Lair:6)
  An orc warrior (Orc:1)
  A sky beast (D:9)
  An ogre (Orc:2)
  3 wolves (Lair:1)
  A centaur (D:8)
  2 killer bees (D:8)
  An electric eel (Lair:6)
  A lava snake (Lair:6)
  2 orc priests
  7 orc wizards
  An adder (D:9)
  11 orcs (Orc:2)
  A quokka skeleton (D:9)
  15 fungi
  6 plants
109 creatures vanquished.

Vanquished Creatures (others)
  16 flying skulls
  A black mamba zombie (Lair:6)
  A vampire (Lair:6)
  3 wraiths
  2 spiny frog zombies (Lair:6)
  A slave (D:6)
  2 elephant zombies (Lair:6)
  A blink frog zombie (Lair:6)
  An elephant skeleton (Lair:6)
  A hippogriff zombie (Lair:6)
  4 komodo dragon zombies
  3 hell hound zombies (Lair:6)
  A wyvern zombie (Lair:6)
  3 water moccasin zombies (Lair:6)
  2 warg zombies (Orc:2)
  3 yak zombies
  A crimson imp (D:6)
  A centaur zombie (D:9)
  A bullfrog zombie (D:6)
  2 basilisk zombies (Lair:6)
  A porcupine zombie (Lair:5)
  3 orc wizards
  A killer bee zombie (D:9)
  An ogre zombie (Orc:2)
  A scorpion zombie (D:9)
  An electric eel zombie (Lair:3)
  14 orc zombies
  A leopard gecko (D:6)
  2 orcs
  A quokka zombie (D:9)
  14 fungi
  17 plants
107 creatures vanquished.

Grand Total: 612 creatures vanquished

Notes
Turn   | Place    | Note
-------+----------+-------------------------------------------
     0 | D:1      | Geomchi the Troll Monk began the quest for the Orb.
     0 | D:1      | Reached XP level 1. HP: 22/22 MP: 0/0
    62 | D:1      | Reached XP level 2. HP: 28/29 MP: 1/1
   236 | D:1      | Reached XP level 3. HP: 29/36 MP: 2/2
   339 | D:1      | Found a shimmering altar of Xom.
   341 | D:1      | Found a blossoming altar of Fedhas.
   341 | D:1      | Found a sparkling altar of Nemelex Xobeh.
   343 | D:1      | Found a radiant altar of Vehumet.
   343 | D:1      | Found a glowing golden altar of the Shining One.
   343 | D:1      | Found a burning altar of Makhleb.
   476 | D:1      | Reached skill level 4 in Unarmed Combat
   710 | D:2      | Reached XP level 4. HP: 38/45 MP: 3/3
  1105 | D:2      | Reached skill level 5 in Unarmed Combat
  1228 | D:3      | Reached XP level 5. HP: 51/53 MP: 4/4
  1419 | D:3      | Found a blossoming altar of Fedhas.
  1502 | D:3      | Found a stormy altar of Qazlal.
  1768 | D:4      | Noticed skelma's ghost (amateur DsGl)
  1800 | D:4      | Reached XP level 6. HP: 62/62 MP: 5/5
  1820 | D:4      | Reached skill level 6 in Unarmed Combat
  2059 | D:4      | Killed skelma's ghost
  2059 | D:4      | Reached XP level 7. HP: 65/70 MP: 6/6
  2069 | D:4      | Found a staircase to the Ecumenical Temple.
  2092 | Temple   | Entered the Ecumenical Temple
  2174 | Temple   | Became a worshipper of Yredelemnul the Dark
  2174 | Temple   | Reached * piety under Yredelemnul
  2174 | Temple   | Reached ** piety under Yredelemnul
  2502 | D:4      | Reached skill level 7 in Unarmed Combat
  2830 | D:5      | Entered Level 5 of the Dungeon
  3068 | D:5      | Found a burning altar of Makhleb.
  3339 | D:5      | Found an iron altar of Okawaru.
  3558 | D:6      | Reached skill level 8 in Unarmed Combat
  3563 | D:6      | Reached skill level 5 in Fighting
  3617 | D:6      | Reached XP level 8. HP: 66/80 MP: 7/7
  3840 | D:5      | Reached skill level 9 in Unarmed Combat
  4150 | D:6      | Noticed Pikel
  4167 | D:6      | Killed Pikel
  4167 | D:6      | Reached skill level 10 in Unarmed Combat
  4170 | D:6      | Reached XP level 9. HP: 81/89 MP: 8/8
  4175 | D:6      | Reached skill level 1 in Invocations
  4356 | D:6      | Reached *** piety under Yredelemnul
  4512 | D:6      | Noticed skelma's ghost (novice DsFi)
  4530 | D:6      | Killed skelma's ghost
  4901 | D:7      | Found Apycs's Assorted Antiques.
  5478 | D:8      | Found Essoev's General Store.
  5514 | D:8      | Reached XP level 10. HP: 98/98 MP: 14/14
  5839 | D:8      | Bought a scroll of identify for 28 gold pieces
  6099 | D:9      | Noticed Joseph
  6273 | D:9      | Found an ancient bone altar of Kikubaaqudgha.
  6296 | D:9      | Killed Joseph
  6409 | D:9      | Found a staircase to the Orcish Mines.
  6458 | D:9      | Reached skill level 11 in Unarmed Combat
  6462 | D:9      | Noticed alp's ghost (novice VSBe)
  6537 | D:9      | Killed alp's ghost
  6707 | D:9      | Received a gift from Yredelemnul (2 flying skulls)
  6915 | D:9      | Reached **** piety under Yredelemnul
  6919 | D:9      | Reached skill level 12 in Unarmed Combat
  7319 | D:9      | Received a gift from Yredelemnul (2 flying skulls)
  7405 | D:9      | Noticed Erica
  7420 | D:9      | Killed Erica
  7420 | D:9      | Reached XP level 11. HP: 52/111 MP: 15/15
  7555 | D:9      | Found a staircase to the Lair.
  7754 | D:9      | Found Burel's Island Escapes.
  7992 | D:9      | Noticed a two-headed ogre
  7996 | D:9      | Killed a two-headed ogre
  8295 | Lair:1   | Entered Level 1 of the Lair of Beasts
  8456 | Lair:1   | Reached skill level 13 in Unarmed Combat
  9440 | Lair:2   | Received a gift from Yredelemnul (a wraith)
  9687 | Lair:2   | Found a hole to the Spider Nest.
  9687 | Lair:2   | Noticed an orb spider
  9703 | Lair:2   | Killed an orb spider
  9982 | Lair:2   | Found a staircase to the Swamp.
 10351 | Lair:3   | Reached skill level 14 in Unarmed Combat
 10427 | Lair:3   | Noticed Urug
 10436 | Lair:3   | Killed Urug
 10623 | Lair:3   | Received a gift from Yredelemnul (a wraith)
 10650 | Lair:3   | Noticed an oklob plant
 10986 | Lair:3   | Reached XP level 12. HP: 96/123 MP: 16/16
 12261 | Lair:5   | Found a runed door.
 12261 | Lair:5   | Found a viscous altar of Jiyva.
 12261 | Lair:5   | Noticed an acid blob
 12422 | Lair:5   | Noticed a five-headed hydra
 12444 | Lair:5   | Reached skill level 15 in Unarmed Combat
 12466 | Lair:5   | Killed a six-headed hydra
 12525 | Lair:5   | Noticed a six-headed hydra
 12546 | Lair:5   | Killed a six-headed hydra
 12546 | Lair:5   | Received a gift from Yredelemnul (4 flying skulls)
 13099 | Lair:5   | Noticed a four-headed hydra
 13108 | Lair:5   | Killed a four-headed hydra
 13309 | Lair:5   | Found a staircase to the Slime Pits.
 13335 | Lair:6   | Entered Level 6 of the Lair of Beasts
 13431 | Lair:6   | Noticed Nessos
 13597 | Lair:6   | Killed Nessos
 13597 | Lair:6   | Reached skill level 10 in Fighting
 13739 | Lair:6   | Reached skill level 16 in Unarmed Combat
 13780 | Lair:6   | Received a gift from Yredelemnul (4 flying skulls)
 13977 | Lair:6   | Reached ***** piety under Yredelemnul
 14038 | Lair:6   | Reached XP level 13. HP: 56/133 MP: 0/17
 14038 | Lair:6   | Received a gift from Yredelemnul (a vampire)
 14501 | Lair:6   | Received a gift from Yredelemnul (a wraith)
 14805 | Lair:6   | Noticed a fire dragon
 14937 | Lair:6   | Found a large runed door.
 14938 | Lair:6   | Found a large runed door.
 15137 | Lair:6   | Reached skill level 17 in Unarmed Combat
 15783 | Lair:6   | Killed a fire dragon
 16190 | Orc:1    | Entered Level 1 of the Orcish Mines
 16255 | Orc:1    | Received a gift from Yredelemnul (a phantasmal warrior)
 16368 | Orc:1    | Paralysed by an orc sorcerer for 3 turns
 16602 | Orc:2    | Entered Level 2 of the Orcish Mines
 16602 | Orc:2    | Found a staircase to the Elven Halls.
 16631 | Orc:2    | Received a gift from Yredelemnul (4 flying skulls)
 16684 | Orc:2    | Received a gift from Yredelemnul (a skeletal warrior)
 16819 | Orc:2    | Noticed an ettin
 16829 | Orc:2    | Killed an ettin
 17050 | Orc:2    | Found Canorax's Armour Emporium.
 17153 | Orc:2    | Found Kinojonu's Assorted Antiques.
 17153 | Orc:2    | Found Woasmauw's Armour Shop.
 17170 | Orc:2    | Paralysed by an orc sorcerer for 5 turns
 17172 | Orc:2    | HP: 2/137 [sun demon[an orc sorcerer] (19)]
 17174 | Orc:2    | Killed from afar by an orc sorcerer

Vault maps used:
D:1:      scummos_arrival_star, doesnt_xom_only_xom
D:2:      minmay_roachtagon
D:3:      nicolae_overflow_crystal_walls, fedhas_altar_1
D:5:      old_standard_altar, first_bread, minmay_misc_feat_cross,
          okawaru_ov_weapons_minmay
D:6:      wad_guarded_room, fountainhead, uniq_pikel
D:7:      serial_shops, shop
D:8:      serial_shops, nicolae_shop_waterfront
D:9:      old_forge, kennysheep_little_box, david_lair_shrubbed,
          blue_anna_alchemist, nicolae_island_escapes, uniq_joseph, uniq_erica
Temple:   compressed_dpeg_circular_temple
Lair:2:   swamp_mist_pool, nicolae_spider_entry_orb_guardian, fungi_pond_lemuel
Lair:3:   minmay_lair_oklob_chamber, serial_bayou_shore_a, uniq_urug
Lair:4:   lemuel_fruit_tree
Lair:5:   slime_altar_2, wad_woods_river_01
Lair:6:   cheibrodos_lair_end_hotspot, columned_hall_lemuel,
          serial_bayou_shore_b, uniq_nessos
Orc:1:    nicolae_orc_lava_room
Orc:2:    st_orc_town, serial_shops, shop

Skill      XL: |  1  2  3  4  5  6  7  8  9 10 11 12 13 |
---------------+----------------------------------------+-----
Unarmed Combat | 4 5 6 8 10 12 14 16 17 | 17.6
Fighting       | 3 4 5 6 7 9 10 11 | 11.0
Invocations    | 7 |  7.2
Dodging        | 3 |  3.5
Stealth        | |  1.0

Action                   |  1- 3 |  4- 6 |  7- 9 | 10-12 | 13-15 || total
-------------------------+-------+-------+-------+-------+-------++-------
Melee: Unarmed           |    90 |   143 |   242 |   505 |   210 ||  1190
       Punch             |     1 |     3 |    16 |    39 |    23 ||    82
Invok: Animate Remains   |       |       |     1 |       |       ||     1
       Animate Dead      |       |       |       |    35 |    15 ||    50
       Recall Undead Sla |       |       |       |     6 |     1 ||     7
       Drain Life        |       |       |       |     2 |     2 ||     4
       Injury Mirror     |       |       |       |       |     1 ||     1
Evoke: Wand              |       |       |       |     9 |       ||     9
  Use: Scroll            |       |     4 |     2 |     6 |       ||    12
       Potion            |       |       |     1 |     2 |       ||     3
 Stab: Sleeping          |     3 |       |     2 |     6 |       ||    11
       Distracted        |       |       |     1 |     3 |     1 ||     5
  Eat: Chunk             |    12 |    12 |    32 |    74 |    32 ||   162
       Meat ration       |       |       |       |     2 |     1 ||     3
       Fruit             |       |       |       |     1 |       ||     1
Armor: Robe              |    34 |    56 |    70 |   145 |    47 ||   352
Dodge: Dodged            |    42 |    72 |   101 |   218 |    94 ||   527
